 Dungeon Crawl Stone Soup version 0.23.2-33-g5129a83184 (webtiles) character file.

Game seed: 10560184074086090625

9 Acheron the Magician (level 1, -2/15 HPs)
             Began as a Demigod Wanderer on July 14, 2019.
             Slain by a goblin
             ... wielding a +0 dagger
              (3 damage)
             ... on level 1 of the Dungeon.
             The game lasted 00:02:48 (652 turns).

Acheron the Magician (Demigod Wanderer)              Turns: 652, Time: 00:02:48

Health: -2/15      AC:  2    Str: 14    XL:     1   Next: 86%
Magic:  5/5        EV: 11    Int: 16    God:
Gold:   25         SH:  0    Dex: 16    Spells: 4/4 levels left

rFire    . . .     SeeInvis .   a - +0 dagger
rCold    . . .     Gourm    .   (no shield)
rNeg     . . .     Faith    .   d - +0 robe
rPois    .         Spirit   .   (no helmet)
rElec    .         Reflect  .   (no cloak)
rCorr    .         Harm     .   (no gloves)
MR       .....                  (no boots)
Stlth    ++........             (no amulet)
HPRegen  0.05/turn              (no ring)
MPRegen  0.09/turn              (no ring)

@: no status effects
A: high mp 1
a: no special abilities


You were on level 1 of the Dungeon.
You were not hungry.

You visited 1 branch of the dungeon, and saw 1 of its levels.

You collected 25 gold pieces.

Inventory:

Hand Weapons
 a - a +0 dagger (weapon)
Missiles
 c - 56 stones (quivered)
Armour
 d - a +0 robe (worn)
 g - a +0 ring mail
Wands
 e - a wand of paralysis (15)
Scrolls
 b - a scroll of magic mapping {unknown}
Potions
 i - a potion of lignification {unknown}
Comestibles
 f - a ration


   Skills:
 * Level 0.7 Fighting
 * Level 0.1 Dodging
 * Level 0.2 Stealth
 + Level 2.0 Spellcasting
   Level 1.0 Hexes
   Level 1.0 Charms
   Level 1.7 Air Magic
   Level 1.7 Earth Magic
 + Level 1.8 Evocations


You had 4 spell levels left.
You didn't know any spells.
Your spell library contained the following spells:

 Spells                   Type           Power        Failure   Level  Hunger
 Shock                    Conj/Air       #...         14%         1    #......
 Summon Butterflies       Summ           #.......     21%         1    #......
 Static Discharge         Conj/Air       #.......     41%         3    ###....
 Call Canine Familiar     Summ           #.......     52%         3    ###....


Dungeon Overview and Level Annotations

Branches:
Dungeon (1/15)


Innate Abilities, Weirdness & Mutations

You have an increased reservoir of magic. (+10% MP)


Message History

The goblin is moderately wounded.
The goblin hits you with a +0 dagger.
You closely miss the goblin.
The goblin is moderately wounded.
The goblin barely misses you. The goblin hits you with a +0 dagger.
You hit the goblin but do no damage.
The goblin is moderately wounded.
The goblin misses you.
You closely miss the goblin.
The goblin is moderately wounded.
The goblin hits you with a +0 dagger. x2
* * * LOW HITPOINT WARNING * * *
You hit the goblin but do no damage.
The goblin is moderately wounded.
The goblin hits you with a +0 dagger.
* * * LOW HITPOINT WARNING * * *
You hit the goblin but do no damage.
The goblin is moderately wounded.
The goblin closely misses you. The goblin hits you with a +0 dagger.
You die...

###.#.#..#.####
+..........>...
###(#.#.#.#.#.#
###.#.#.....#.w
#...#.#.#.###.#
#...#.#...# .# #.
#...#.#.#.# .# ..
#...#.#.#.# .#
#.##..@'.#.#.###.#
#####..#..g###.#.....# #
........... ..#.#####
#.##....#########.########
..'...............(......
#......#######.########
#......# #.# #....#.## #.#
###....#..# #.#


You could see a goblin.

Vanquished Creatures
  2 goblins (D:1)
  2 jackals (D:1)
  A kobold (D:1)
  A bat (D:1)
  3 rats (D:1)
9 creatures vanquished.

Notes
Turn   | Place    | Note
-------+----------+-------------------------------------------
     0 | D:1      | Acheron the Demigod Wanderer began the quest for the Orb.
     0 | D:1      | Acheron set off with the following items: a +0 dagger, a +0
                  | robe, a wand of paralysis (15), a ration; and the following
                  | spells available to memorise: Shock, Summon Butterflies,
                  | Static Discharge, Call Canine Familiar
     0 | D:1      | Reached XP level 1. HP: 14/14 MP: 5/5
   305 | D:1      | Reached skill level 2 in Spellcasting
   652 | D:1      | Slain by a goblin

Skill      XL: |  1 |
---------------+----+-----
Spellcasting   | 2 |  2.0
Fighting       | |  0.7
Dodging        | |  0.1
Stealth        | |  0.2
Hexes          | |  1.0
Charms         | |  1.0
Air Magic      | |  1.7
Earth Magic    | |  1.7
Evocations     | |  1.8

Action                   || total
-------------------------++-------
Melee: Dagger            ||    38
 Stab: Sleeping          ||     1
Armor: Robe              ||     6
Dodge: Dodged            ||    22
